 Dungeon Crawl Stone Soup version 0.28.0-47-ge53b351184 (webtiles) character file.

Game seed: 11858157706172053939

93 H0rd4k the Charlatan (level 4, -5/33 HPs)
             Began as a Human Artificer on May 10, 2022.
             Killed from afar by Sigmund (10 damage)
             ... with a puff of flame
             ... on level 2 of the Dungeon.
             The game lasted 00:02:02 (2281 turns).

H0rd4k the Charlatan (Human Artificer)              Turns: 2281, Time: 00:02:03

Health: -5/33      AC:  3    Str: 12    XL:     4   Next: 92%
Magic:  4/4        EV: 11    Int: 14    God:
Gold:   134        SH:  0    Dex: 13    Spells: 3/3 levels left

rFire   . . .      SeeInvis .   f - +2 demon whip (freeze)
rCold   . . .      Faith    .   (no shield)
rNeg    . . .      Spirit   .   b - +0 leather armour
rPois   .          Reflect  .   (no helmet)
rElec   .          Harm     .   (no cloak)
rCorr   .          Rampage  .   (no gloves)
Will    .....                   (no boots)
Stlth   +.........              (no amulet)
HPRegen 0.11/turn               (no ring)
MPRegen 0.09/turn               (no ring)

@: confused
A: no striking features
a: no special abilities


You were on level 2 of the Dungeon.
You visited 1 branch of the dungeon, and saw 2 of its levels.

You collected 134 gold pieces.

Inventory:

Hand Weapons
 f - a +2 demon whip of freezing (weapon)
Armour
 b - a +0 leather armour (worn)
Magical Staves
 k - a staff of earth
Jewellery
 j - an amulet of guardian spirit
Wands
 c - a wand of flame (15) (quivered)
 d - a wand of charming (15)
Scrolls
 a - a scroll of enchant armour {unknown}
 h - a scroll of torment {unknown}
Potions
 g - a potion of attraction {unknown}
 i - a potion of mutation {unknown}
 l - a potion of resistance {unknown}
 m - a potion of flight {unknown}
Miscellaneous
 e - a piece from Xom's chessboard (15/15)


   Skills:
 + Level 1.7 Fighting
 + Level 2.2 Maces & Flails
 + Level 2.3 Armour
 + Level 1.5 Dodging
 + Level 1.2 Stealth
 + Level 3.7 Evocations


You had 3 spell levels left.
You didn't know any spells.
Your spell library contained the following spells:

 Spells                   Type           Power      Damage    Failure   Level
 Slow                     Hex            0%         N/A       36%         1
 Confusing Touch          Hex            0%         N/A       73%         3
 Vampiric Draining        Necr           0%         2d6       73%         3


Dungeon Overview and Level Annotations

Branches:
Dungeon (2/15)

Altars:

Shops:
D:2 [

Annotations:
D:2 Sigmund


Message History

Sigmund is nearby!
You hit Sigmund. You freeze Sigmund.
Sigmund is almost dead.
Sigmund casts a spell at you.
You are confused.
You barely miss Sigmund.
Sigmund is almost dead.
Sigmund points at you and mumbles some strange words.
You are more confused.
You barely miss Sigmund.
Sigmund is almost dead.
Sigmund barely misses you.
You bump into the rock wall.
You barely miss Sigmund.
Sigmund is almost dead.
Sigmund hits you with a +0 scythe!
You bump into the rock wall.
Sigmund casts a spell at you. You resist with some effort.
You bump into the rock wall.
Sigmund gestures at you while chanting.
You are more confused.
You completely miss Sigmund.
Sigmund is almost dead.
Sigmund casts a spell at you. The puff of flame hits you!
* * * LOW HITPOINT WARNING * * *
Sigmund closely misses you.
You bump into the rock wall.
Sigmund closely misses you.
You bump into the rock wall.
Sigmund hits you but does no damage.
You miss Sigmund.
Sigmund is almost dead.
Sigmund casts a spell.
Sigmund flickers and vanishes!
Deactivating autopickup; reactivate with Ctrl-A.
You hear some strange, mumbled words.
A puff of flame appears from out of thin air!
The puff of flame hits you!
You die...

#≈≈# #≈≈#### #≈≈#
##≈≈#≈# #
##########≈≈####≈≈#≈#
#####
........#≈##≈###≈≈≈#
..#.## #.....#.#≈##≈#
#≈≈≈# #..#.##
#.......#≈##≈# #≈≈##
#.###.## #.....#
#≈##≈# #≈### ....##.#
#...# #≈#≈≈###≈# #
..#.#.##
#.###@###.#≈#≈#≈≈≈≈#
# ##...##
#.....{...#≈#≈#≈≈≈≈#
# ###.##
#####.######≈≈#≈#≈##
# #...#### #.#
#≈≈≈###≈# # #.#....#
#.# #≈####### #
#...##.# #.# #≈#
##'## # ######.# #.#
#####...## # ### #.#
#.## ##.....##
##.###.# #..##
##.......##


There were no monsters in sight!

Vanquished Creatures
  A gnoll (D:1)
  3 adders (D:2)
  A worm (D:2)
  2 dart slugs (D:2)
  2 ball pythons (D:2)
  4 endoplasms (D:1)
  3 giant cockroaches
  A goblin (D:1)
  4 hobgoblins
  6 jackals
  4 kobolds
  A quokka (D:2)
  6 bats
  4 frilled lizards
  6 rats
48 creatures vanquished.

Notes
Turn   | Place    | Note
-------+----------+-------------------------------------------
     0 | D:1      | H0rd4k the Human Artificer began the quest for the Orb.
     0 | D:1      | Reached XP level 1. HP: 15/15 MP: 1/1
   225 | D:1      | Reached XP level 2. HP: 20/21 MP: 2/2
   354 | D:1      | Reached XP level 3. HP: 11/26 MP: 3/3
   466 | D:1      | Reached skill level 1 in Maces & Flails
  1118 | D:2      | Reached XP level 4. HP: 32/32 MP: 4/4
  1500 | D:2      | Found Zoabb's Armour Emporium.
  2254 | D:2      | Noticed Sigmund
  2281 | D:2      | Killed from afar by Sigmund

Illustrated notes

Levels and vault maps discovered:
D:1:      psy_arrival_basics, layout_loops_ring, minmay_fountain_box,
          corexii_corridor_pit
D:2:      layout_loops_corners, serial_shops, nicolae_lakefront_shop,
          hangedman_decor_lopped, chequers_serial_rivers_large_b,
          minmay_pentomino_r2, uniq_sigmund

Skill      XL: |  1  2  3  4 |
---------------+-------------+-----
Maces & Flails | 1 2 |  2.2
Fighting       | |  1.7
Armour         | |  2.3
Dodging        | |  1.5
Stealth        | |  1.2
Evocations     | |  3.7

Action                   |  1- 3 |  4- 6 || total
-------------------------+-------+-------++-------
Melee: Demon whip        |    76 |    53 ||   129
 Stab: Sleeping          |     2 |       ||     2
Armor: Leather armour    |    32 |     9 ||    41
Dodge: Dodged            |    51 |    28 ||    79
